 Dungeon Crawl Stone Soup version 0.17-a0-1636-g3119f2b (webtiles) character file.

45 matakusis the Skirmisher (level 3, 0/30 HPs)
             Began as a Demonspawn Abyssal Knight on Aug 5, 2015.
             Was a Believer of Lugonu.
             Succumbed to an adder's poison
             ... on level 2 of the Dungeon.
             The game lasted 00:07:26 (1559 turns).

matakusis the Skirmisher (DsAK)                     Turns: 1559, Time: 00:07:26

Health: 0/30       AC:  3    Str: 12 (13) XL:     3   Next: 42%
Magic:  5/5        EV: 11    Int: 13      God:    Lugonu [**....]
Gold:   119        SH:  0    Dex: 12      Spells: 0 memorised, 2 levels left

rFire  . . .     SeeInvis .     a - +1 hand axe
rCold  . . .     Clarity  .     b - +0 leather armour
rNeg   . . .     SustAt   .     (no shield)
rPois  .         Gourm    .     (no helmet)
rElec  .         Spirit   .     (no cloak)
rCorr  .         Warding  .     (no gloves)
rMut   .         Stasis   .     (no boots)
MR     .....                    (no amulet)
Stlth  +.........               (no ring)
                                (no ring)

@: lethally poisoned (0 -> -7), very slightly contaminated, invisible, not
resistant to hostile enchantments, very unstealthy
A: powered by pain 1
a: Depart the Abyss, Bend Space, Renounce Religion


You were on level 2 of the Dungeon.
You worshipped Lugonu.
Lugonu was pleased with you.
You were not hungry.

You visited 1 branch of the dungeon, and saw 2 of its levels.
You visited the Abyss 1 time.

You collected 119 gold pieces.

Inventory:

Hand weapons
 a - a +1 hand axe (weapon)
 d - a +0 vampiric dagger
Armour
 b - a +0 leather armour (worn)
Scrolls
 e - 6 scrolls of identify {unknown}
 f - a scroll of enchant weapon {unknown}
 h - a scroll of fog {unknown}
 j - a scroll of magic mapping {unknown}
 l - 2 scrolls of fear {unknown}
Potions
 n - a potion of cure mutation
Comestibles
 c - 3 bread rations
 i - 5 fruits
 m - 3 chunks of flesh


   Skills:
 + Level 3.8 Fighting
 + Level 1.9 Axes
 + Level 2.0 Armour
 + Level 1.4 Dodging
 + Level 2.9 Invocations


You had 2 spell levels left.
You didn't know any spells.

Dungeon Overview and Level Annotations

Branches:
Dungeon (2/15)

Altars:


Innate Abilities, Weirdness & Mutations

You sometimes gain a little power by taking damage.


Message History

You feel sick. The bat hits you but does no damage. The adder bites you.
* * * LOW HITPOINT WARNING * * *
The bat barely misses you.
Drink which item? (? for menu, Esc to quit)
Okay, then.
There is a lethal amount of poison in your body!
There is a lethal amount of poison in your body!
You closely miss the adder.
The adder is heavily wounded.
You hit the bat.
You kill the bat!
Lugonu accepts your kill.
* * * LOW HITPOINT WARNING * * *
You feel sick. The adder misses you. The adder barely misses you.
Eat one of 4 chunks of flesh? (ye/n/q/i?) This raw flesh tastes terrible.
* * * LOW HITPOINT WARNING * * *
You feel sick. The adder closely misses you.
You continue eating.
You die...

..+.....# #.........##
≈≈#.....# #...........
###.....### #.......).?.
#.........###...........
#....).##..##...........
#####.......#...........
# #.............g.......
# #..........###S####...
# ###.....##.# #@# . ##
####..#....†....# .#
##.#.........#
.########.#...........
.#......#.#.........##..
....................# .
.#......#.#.........#
.#......#.#.....<...#
........#.#


You could see an adder and a hobgoblin.

Vanquished Creatures
  An adder (D:2)
  3 giant geckos (D:1)
  6 bats
  2 giant cockroaches (D:1)
  3 goblins
  6 hobgoblins (D:1)
  3 ball pythons (D:1)
  2 giant newts (D:1)
  3 kobolds (D:1)
  2 rats (D:1)
31 creatures vanquished.

Notes
Turn   | Place    | Note
--------------------------------------------------------------
     0 | Abyss:1  | matakusis the Demonspawn Abyssal Knight began the quest for the Orb.
     0 | Abyss:1  | Reached XP level 1. HP: 18/18 MP: 2/2
     0 | Abyss:1  | Found a corrupted altar of Lugonu.
    73 | Abyss:1  | Noticed a spatial vortex
    76 | Abyss:1  | Noticed a spatial vortex
    77 | Abyss:1  | Noticed a spatial vortex
    98 | D:1      | Escaped the Abyss
   185 | D:1      | Reached skill level 1 in Dodging
   301 | D:1      | Gained mutation: You sometimes gain a little power by taking damage. [demonic ancestry]
   301 | D:1      | Reached XP level 2. HP: 24/24 MP: 3/3
   670 | D:1      | Acquired Lugonu's second power
   941 | D:1      | Reached XP level 3. HP: 22/30 MP: 5/5
  1558 | D:2      | HP: 1/30 [poisoned by an adder]
  1559 | D:2      | Succumbed to an adder's poison

Vault maps used:
D:1:      tarquinn_simple_flora_water_d, minmay_shallow_snake_nest
D:2:      first_bread, kennysheep_generic_room_14, uniq_natasha
Abyss:1:  evilmike_abyss_exit_3, lemuel_firewalk_3

Action                   || total
-------------------------++-------
Melee: Hand axe          ||   119
Invok: Bend Space        ||     1
  Use: Potion            ||     4
  Eat: Chunk             ||     2
